 Dungeon Crawl Stone Soup version 0.21.1-1-g345015f (webtiles) character file.

871 snha the Reanimator (level 7, 0/55 HPs)
             Began as a Deep Dwarf Necromancer on June 3, 2018.
             Slain by a phantom (6 damage)
             ... on level 5 of the Dungeon.
             The game lasted 00:20:38 (7318 turns).

snha the Reanimator (Deep Dwarf Necromancer)        Turns: 7318, Time: 00:20:39

Health: 0/55       AC:  2    Str: 11    XL:     7   Next: 73%
Magic:  10/10      EV: 12    Int: 18    God:
Gold:   57         SH:  0    Dex: 13    Spells: 3/12 levels left

rFire    . . .     SeeInvis .   D - +2 dagger (pain)
rCold    . . .     Gourm    .   (no shield)
rNeg     . . .     Faith    .   a - +0 robe
rPois    .         Spirit   .   (no helmet)
rElec    .         Reflect  .   (no cloak)
rCorr    .         Harm     .   (no gloves)
MR       +....                  (no boots)
Stlth    ++........             (no amulet)
HPRegen  0.00/turn              (no ring)
MPRegen  0.12/turn              (no ring)

@: non-regenerating
A: damage resistance, heal wounds, sense surroundings 1, no regeneration
a: Heal Wounds


You were on level 5 of the Dungeon.
You were hungry.

You visited 1 branch of the dungeon, and saw 5 of its levels.

You collected 293 gold pieces.
You spent 236 gold pieces at shops.

Inventory:

Hand Weapons
 j - a +0 dagger
 l - a +0 vampiric dagger
 y - a +0 war axe
 D - a +2 dagger of pain (weapon)
Armour
 a - a +0 robe (worn)
 g - a +0 cloak
 k - a +0 buckler
 z - a +2 leather armour of poison resistance
Jewellery
 i - a cursed ring of see invisible {unknown}
 p - an uncursed amulet of rage {unknown}
 t - an uncursed ring of ice {unknown}
 u - an uncursed ring of magical power {unknown}
Scrolls
 e - 2 scrolls of immolation {unknown}
 f - 5 scrolls of teleportation
 h - a scroll of amnesia {unknown}
 m - a scroll of enchant weapon {unknown}
 n - a scroll of noise {unknown}
 q - 5 scrolls of identify
 r - 2 scrolls of magic mapping {unknown}
 v - a scroll of fear {unknown}
 B - 7 scrolls of remove curse {unknown}
 C - 2 scrolls of fog {unknown}
Potions
 d - 2 potions of magic {unknown}
 o - a potion of might {unknown}
 s - a potion of haste {unknown}
 w - 4 potions of curing
 x - a potion of mutation {unknown}
 A - 2 potions of heal wounds {unknown}
 F - a potion of lignification {unknown}
Books
 b - a book of Necromancy

   Spells                             Type                      Level
   a - Pain                           Necromancy                   1
   b - Animate Skeleton               Necromancy                   1
   c - Vampiric Draining              Necromancy                   3
   d - Regeneration                   Charms/Necromancy            3
   e - Animate Dead                   Necromancy                   4
   f - Borgnjor's Vile Clutch         Necromancy/Earth             5
Comestibles
 c - 9 rations


   Skills:
 - Level 2.1 Dodging
 - Level 2.4 Stealth
 - Level 3.0 Spellcasting
 + Level 10.0 Necromancy


You had 3 spell levels left.
You knew the following spells:

 Your Spells              Type           Power        Failure   Level  Hunger
a - Animate Skeleton      Necr           N/A          1%          1    None
b - Vampiric Draining     Necr           #####.....   1%          3    ###....
c - Animate Dead          Necr           N/A          2%          4    ####...
z - Pain                  Necr           ####         1%          1    None


Dungeon Overview and Level Annotations

Branches:
Dungeon (5/15)
 Temple: D:4-7

Altars:
Dithmenos
Fedhas

Shops:
D:4 ?%:([

Annotations:
D:3 Rathner's ghost, amateur GnSk
D:4 2 transporters


Innate Abilities, Weirdness & Mutations

You are resistant to damage.
You can heal yourself by infusing magical energy.
You passively map a small area around you.
You do not regenerate.


Message History

* * * LOW HITPOINT WARNING * * *
You closely miss the phantom.
The phantom is heavily damaged.
The phantom blinks!
Your adder skeleton barely misses the phantom.
The phantom hits your adder skeleton.
Your adder skeleton is destroyed!
The phantom blinks!
The phantom blinks!
The phantom barely misses you. The phantom hits you!
* * * LOW HITPOINT WARNING * * *
The phantom blinks!
The phantom hits you!
* * * LOW HITPOINT WARNING * * *
Found an emerald potion.
Found 11 bolts.
An ogre comes into view. It is wielding a giant spiked club.
The phantom hits you!
You die...

....##.############.....##.#
*# ####.### ##...###.# *
#......# ##.## #.# ##...#.#
#.# #.# * #.###.# #.# #..
#.# #.# , *### ..#####.# #!#
,, #.......###.######## ,
.### #.###.........@...(###
* ..... #........W.......#
.#### * #..####.#####....# ,
, #..# #.# O....,
#.###..####.# ,..##
#...........# * .# * #
#######..###### # # ..# #..#
#.##### #.# #..# * #......


You could see a phantom and an ogre (sleeping).

Vanquished Creatures
  3 ogres
  A scorpion (D:4)
  2 hounds (D:4)
  A bullfrog skeleton (D:5)
  A jelly (D:5)
  An orc priest (D:4)
  A gnoll shaman (D:4)
  An iguana (D:5)
  Terence (D:2)
  2 worker ants (D:4)
  11 gnolls
  6 adders
  A shadow imp (D:5)
  3 dart slugs
  7 leopard geckos
  4 orcs
  4 bats
  3 giant cockroaches
  8 goblins
  4 hobgoblins
  2 jackals (D:4)
  7 kobolds
  A quokka (D:4)
  2 ball pythons (D:1)
  A ball python zombie (D:5)
  5 frilled lizards
  5 rats
  A plant (D:1)
89 creatures vanquished.

Vanquished Creatures (collateral kills)
  A bullfrog zombie (D:5)
  An orc priest (D:4)
  A howler monkey zombie (D:5)
  2 orcs (D:4)
  A goblin (D:1)
  A jackal skeleton (D:5)
  A rat (D:1)
8 creatures vanquished.

Grand Total: 97 creatures vanquished

Notes
Turn   | Place    | Note
-------+----------+-------------------------------------------
     0 | D:1      | snha the Deep Dwarf Necromancer began the quest for the Orb.
     0 | D:1      | Reached XP level 1. HP: 15/15 MP: 3/3
     2 | D:1      | Learned a level 1 spell: Animate Skeleton
   868 | D:1      | Reached XP level 2. HP: 19/22 MP: 1/4
  1039 | D:1      | Reached skill level 5 in Necromancy
  2051 | D:1      | Reached XP level 3. HP: 22/28 MP: 3/5
  2056 | D:1      | Learned a level 3 spell: Vampiric Draining
  3094 | D:2      | Noticed Terence
  3142 | D:2      | Killed Terence
  3142 | D:2      | Reached XP level 4. HP: 12/36 MP: 0/8
  3702 | D:3      | Learned a level 4 spell: Animate Dead
  3931 | D:3      | Noticed Rathner's ghost (amateur GnSk)
  4189 | D:3      | Reached skill level 6 in Necromancy
  4456 | D:3      | Reached XP level 5. HP: 33/42 MP: 5/9
  4864 | D:4      | Found a transporter.
  4951 | D:4      | Found Mippea's Armour Boutique.
  5007 | D:4      | Found Tediphu's Antique Weapon Shoppe.
  5098 | D:4      | Bought a +2 leather armour of poison resistance for 176 gold pieces
  5235 | D:4      | Found a transporter.
  5236 | D:4      | Noticed an ice beast
  5256 | D:4      | Noticed an ogre
  5301 | D:4      | Killed an ogre
  5301 | D:4      | Reached skill level 7 in Necromancy
  5301 | D:4      | Reached XP level 6. HP: 43/49 MP: 3/10
  5348 | D:4      | Reached skill level 8 in Necromancy
  5463 | D:4      | Found Puozxy's Book Shop.
  5718 | D:4      | Found Qouh's Magic Scroll Boutique.
  5738 | D:4      | Reached XP level 7. HP: 31/55 MP: 0/11
  5866 | D:4      | Bought a scroll of identify for 24 gold pieces
  5866 | D:4      | Bought a scroll of teleportation for 36 gold pieces
  6050 | D:4      | Reached skill level 9 in Necromancy
  6210 | D:4      | Found Ifozaej's Food Shop.
  6234 | D:4      | Found a blossoming altar of Fedhas.
  6447 | D:5      | Entered Level 5 of the Dungeon
  6584 | D:5      | Found a shadowy altar of Dithmenos.
  6823 | D:5      | HP: 2/55 [bullfrog skeleton (5)]
  7203 | D:5      | Reached skill level 10 in Necromancy
  7318 | D:5      | Slain by a phantom

Skill      XL: |  1  2  3  4  5  6  7 |
---------------+----------------------+-----
Necromancy     | 5 6 7 8 10 | 10.0
Spellcasting   | 2 3 |  3.0
Dodging        | |  2.1
Stealth        | |  2.4

Action                   |  1- 3 |  4- 6 |  7- 9 || total
-------------------------+-------+-------+-------++-------
Melee: Unarmed           |   220 |       |       ||   220
       Dagger            |    25 |    29 |    74 ||   128
 Cast: Pain              |    55 |    21 |     9 ||    85
       Animate Skeleton  |    21 |    12 |     5 ||    38
       Vampiric Draining |     6 |    31 |    16 ||    53
 Abil: Heal Wounds       |       |       |     3 ||     3
  Use: Potion            |       |       |     1 ||     1
 Stab: Sleeping          |     3 |       |       ||     3
       Distracted        |       |     2 |     1 ||     3
  Eat: Chunk             |     9 |     8 |     6 ||    23
       Ration            |       |     1 |       ||     1
Armor: Robe              |     5 |     3 |     7 ||    15
Dodge: Dodged            |    25 |    33 |    45 ||   103
